AoeStats
← Ludmintvg

Glade

510634272Analyzed
1v1 RM · 2d ago on Oct 1, 2026· 19m 12s· 2 players
Game mode
Random Map
Map size
Tiny (2 player)
Population
200
Speed
Normal
Resources
Standard
Victory
Conquest
Starting age
Dark Age
Ending age
Imperial Age
RankedLock teamsTeams togetherTeam positionsShared explorationLock speedFull tech treeHidden civsTurbo modeCheats
Victory
Defeat
🇦🇷 Turks · Argentina
865
+16
🇨🇦 Sicilians · Canada
858
-16
HoTDoG
9:29 Loom
12:54 Feudal Age
13:50 Double-Bit Axe
14:13 Padded Archer Armor
14:36 Fletching
15:37 Wheelbarrow
Ludmintvg
8:43 Loom
11:10 Feudal Age
13:17 Double-Bit Axe
15:55 Man-at-Arms
Connection lost

Rejoining the realm…

Still unreachable

The connection could not be restored.

Session expired

The server has moved on; the page needs a fresh start.